 Dungeon Crawl Stone Soup version 0.31-a0-233-g139696dc86 (webtiles) character file.

Game seed: 2432542277633235950

17537 zazu2006 the Carver (level 12, -9/95 HPs)
             Began as a Gnoll Wanderer on July 9, 2023.
             Was an Elder of Vehumet.
             Mangled by Saint Roka
             ... wielding a +3 great sword
              (25 damage)
             ... on level 2 of the Orcish Mines.
             The game lasted 00:49:07 (17217 turns).

zazu2006 the Carver (Gnoll Wanderer)               Turns: 17217, Time: 00:49:08

Health: -9/95      AC:  6    Str: 11    XL:     12   Next: 49%
Magic:  15/23      EV: 17    Int: 14    God:    Vehumet [****..]
Gold:   1416       SH:  5    Dex: 21    Spells: 16/26 levels left

rFire   . . .        a - +1 falchion
rCold   . . .        (no shield)
rNeg    . . .        A - +0 steam dragon scales
rPois   .            (no helmet)
rElec   .            (no cloak)
rCorr   +            (no gloves)
SInv    .            (no boots)
Will    .....        m - amulet of reflection
Stlth   +++          p - ring of resist corrosion
HPRegen 0.35/turn    J - +6 ring of dexterity
MPRegen 0.18/turn

%: reflection
@: silenced, invisible
A: fangs 1, strong nose, distributed training
a: Renounce Religion


You were on level 2 of the Orcish Mines.
You worshipped Vehumet.
Vehumet was greatly pleased with you.
You visited 3 branches of the dungeon, and saw 13 of its levels.

You collected 1416 gold pieces.

Inventory:

Hand Weapons
 a - a +1 falchion (weapon)
 e - a +0 long sword
 u - a +2 heavy long sword
 C - a +1 dagger of freezing
 G - a +1 orcbow of flaming
 K - a +0 war axe of flaming
Missiles
 r - 2 throwing nets
 D - 3 curare-tipped darts
 E - 37 poisoned darts
Armour
 t - a +0 troll leather armour
 A - +0 steam dragon scales (worn)
 L - +0 acid dragon scales
Jewellery
 m - an amulet of reflection (around neck)
 p - a ring of resist corrosion (left hand)
 J - a +6 ring of dexterity (right hand)
Wands
 d - a wand of iceblast (26)
Scrolls
 f - 3 scrolls of fear
 g - a scroll of blinking
 i - a scroll of torment
 j - 2 scrolls of immolation
 n - a scroll of amnesia
 q - 3 scrolls of vulnerability
 s - a scroll of enchant armour
 y - 2 scrolls of revelation
 B - a scroll of poison {unknown}
 F - 2 scrolls of noise
 H - a scroll of brand weapon
Potions
 b - 2 potions of brilliance
 k - 2 potions of magic
 v - a potion of cancellation
 w - a potion of might
 z - a potion of mutation
 I - a potion of haste
 M - 3 potions of attraction
Miscellaneous
 l - a box of beasts


   Skills:
 + Level 9.0 Fighting
 + Level 7.6 Short Blades
 + Level 11.4 Long Blades
 + Level 7.6 Axes
 + Level 7.6 Maces & Flails
 + Level 7.6 Polearms
 + Level 7.6 Staves
 + Level 7.6 Ranged Weapons
 + Level 7.6 Throwing
 + Level 7.6 Armour
 + Level 7.6 Dodging
 + Level 8.8 Stealth
 + Level 7.6 Shields
 + Level 9.0 Unarmed Combat
 + Level 7.6 Spellcasting
 + Level 6.3 Conjurations
 + Level 6.3 Hexes
 + Level 6.3 Summonings
 + Level 6.3 Necromancy
 + Level 6.3 Translocations
 + Level 6.3 Transmutations
 + Level 6.3 Fire Magic
 + Level 6.3 Ice Magic
 + Level 6.3 Air Magic
 + Level 6.3 Earth Magic
 + Level 6.3 Poison Magic
 + Level 8.3 Invocations
 + Level 7.6 Evocations


You had 16 spell levels left.
You knew the following spells:

 Your Spells              Type           Power      Damage    Failure   Level
a - Poisonous Vapours     Pois/Air       46%        N/A       1%          2
b - Mephitic Cloud        Conj/Pois/Air  23%        N/A       1%          3
c - Fireball              Conj/Fire      11%        3d7       8%          5

Your spell library contained the following spells:

 Spells                   Type           Power      Damage    Failure   Level
 Summon Small Mammal      Summ           92%        N/A       1%          1
 Call Canine Familiar     Summ           23%        N/A       3%          3
 Summon Guardian Golem    Hex/Summ       23%        N/A       3%          3
 Freezing Cloud           Conj/Ice/Air   11%        6-21      8%          5
 Orb of Destruction       Conj           11%        9d6       88%         7
 Spellforged Servitor     Conj/Summ      11%        N/A       88%         7


Dungeon Overview and Level Annotations

Branches:
Dungeon (10/15)            Temple (1/1) D:4             Orc (2/2) D:9
    Elf (0/3) Orc:2
   Lair: D:8-11

Altars:
Ashenzari
Cheibriados
Dithmenos
Elyvilon
Fedhas
Gozag
Hepliaklqana
Kikubaaqudgha
Makhleb
Nemelex Xobeh
Okawaru
Qazlal
Ru
Sif Muna
Trog
Uskayaw
Vehumet
Wu Jian
Xom
Yredelemnul
Zin
The Shining One
Jiyva

Annotations:
Orc:2 Saint Roka


Innate Abilities, Weirdness & Mutations

You have very sharp teeth.
Your uncanny sense of smell can sniff out nearby items.
Your experience applies equally to all skills.


Message History

You bite the orc warrior, but do no damage.
The orc warrior is almost dead.
Saint Roka roars a battlecry!
The orc warrior completely misses you.
The orc warrior throws a boomerang.
The boomerang misses you.
Casting: Mephitic Cloud (safe; 1% risk of failure)
Confirm with . or Enter, or press ? or * to list all spells.
Aiming: Poisonous Vapours (safe; 1% risk of failure)
Press: ? - help, Dir - move target, f - orc warrior, p - orc priest
Aim: an orc warrior, wielding a +0 short sword and wearing a +0 plate armour (almost dead, strong, very poisoned) Poisonous vapours surround the orc warrior!
The orc warrior looks as sick as possible!
You kill the orc warrior!
Vehumet accepts your kill.
You feel your power returning.
Okay, then.
Okay, then.
As you read the scroll labelled QOHU ADWIGEVVE, it crumbles to dust.
It is a scroll of enchant weapon.
Your +1 heavy long sword glows red for a moment.
The orc warrior throws a boomerang.
The boomerang hits you but does no damage.
An orc comes into view. It is wielding a +0 falchion.
As you read the scroll labelled MESCHE MIGHUSAE, it crumbles to dust.
A profound silence engulfs you.
It was a scroll of silence.
Things that are here:
a +0 short sword; a +0 plate armour You block the orc's attack.
The orc attacks as you move away! The orc closely misses you.
The orc priest seems less confused.
Saint Roka hits you with a +3 great sword!!
The orc no longer looks unusually strong. x2
Saint Roka attacks as you move away!
Saint Roka hits you with a +3 great sword!!
* * * LOW HITPOINT WARNING * * *
The orc attacks as you move away! The orc barely misses you.
You fade into invisibility!
The orc priest no longer looks unusually strong.
Saint Roka hits you with a +3 great sword!!
You die...

##.###### #...#.#.##
##......)# ### ##.....##
##.####....#######
#...##.>..)##....##
##.#.#....##......#
#.........o.......##
#....)...oo@.......#########
##......ooo.....#)...#......
#.......o.o.............####
##.....................##
#.....................#
#......................#
#......................#
#............#.........#
#$......................


You could see Saint Roka (unable to see you), 2 orc warriors, an orc priest
(unable to see you) and 4 orcs.

Vanquished Creatures
  Harold (Orc:1)
  An ogre mage (Orc:1)
  2 two-headed ogres
  Sonja (Orc:2)
  2 orc sorcerers
  Maggie (D:8)
  A komodo dragon (D:10)
  Psyche (D:9)
  5 trolls
  12 yaks
  2 wraiths
  3 steam dragons
  3 wargs (Orc:1)
  3 vampire mosquitoes (D:10)
  14 two-headed ogre zombies (Orc:1)
  An acid dragon (D:10)
  An ice beast (D:6)
  30 orc warriors
  15 ogres
  3 centaurs
  A phantom (D:5)
  6 kobold brigands
  6 bullfrogs
  A gnoll sergeant (D:9)
  4 scorpions
  3 killer bees (D:9)
  A howler monkey (D:6)
  3 hounds
  8 orc priests
  5 jellies
  7 iguanas
  15 orc wizards
  9 gnolls
  11 adders
  A shadow imp (D:4)
  A white imp (D:7)
  2 worms
  2 dart slugs
  78 orcs
  13 ball pythons
  3 endoplasms
  4 giant cockroaches
  7 goblins
  9 hobgoblins
  8 jackals
  6 quokkas
  8 bats
  7 frilled lizards
  24 kobolds
  5 rats
  A spectral hobgoblin (D:7)
  A spectral orc (D:4)
362 creatures vanquished.

Notes
Turn   | Place    | Note
-------+----------+-------------------------------------------
     0 | D:1      | zazu2006 the Gnoll Wanderer began the quest for the Orb.
     0 | D:1      | zazu2006 set off with the following items: a +1 falchion, a
                  | potion of brilliance, a potion of invisibility, a potion of
                  | berserk rage, a +0 robe.
     0 | D:1      | Reached XP level 1. HP: 20/20 MP: 1/1
    55 | D:1      | Reached XP level 2. HP: 20/26 MP: 2/2
   314 | D:1      | Found a faded altar of an unknown god.
   597 | D:2      | Reached XP level 3. HP: 30/31 MP: 3/3
   690 | D:2      | Reached skill level 1 in Invocations
   797 | D:2      | Reached skill level 1 in Short Blades
   797 | D:2      | Reached skill level 1 in Axes
   797 | D:2      | Reached skill level 1 in Maces & Flails
   797 | D:2      | Reached skill level 1 in Polearms
   797 | D:2      | Reached skill level 1 in Staves
   797 | D:2      | Reached skill level 1 in Ranged Weapons
   797 | D:2      | Reached skill level 1 in Throwing
   797 | D:2      | Reached skill level 1 in Armour
   797 | D:2      | Reached skill level 1 in Dodging
   797 | D:2      | Reached skill level 1 in Shields
   797 | D:2      | Reached skill level 1 in Spellcasting
   797 | D:2      | Reached skill level 1 in Evocations
   818 | D:2      | Reached XP level 4. HP: 24/38 MP: 5/5
   992 | D:2      | Reached skill level 1 in Conjurations
   992 | D:2      | Reached skill level 1 in Hexes
   992 | D:2      | Reached skill level 1 in Summonings
   992 | D:2      | Reached skill level 1 in Necromancy
   992 | D:2      | Reached skill level 1 in Translocations
   992 | D:2      | Reached skill level 1 in Transmutations
   992 | D:2      | Reached skill level 1 in Fire Magic
   992 | D:2      | Reached skill level 1 in Ice Magic
   992 | D:2      | Reached skill level 1 in Air Magic
   992 | D:2      | Reached skill level 1 in Earth Magic
   992 | D:2      | Reached skill level 1 in Poison Magic
  1420 | D:2      | Reached XP level 5. HP: 36/43 MP: 7/7
  2099 | D:3      | Noticed an ogre
  2119 | D:3      | Killed an ogre
  2120 | D:3      | Reached XP level 6. HP: 50/50 MP: 8/8
  2365 | D:4      | Reached skill level 5 in Fighting
  2365 | D:4      | Reached skill level 5 in Unarmed Combat
  2679 | D:4      | Found a staircase to the Ecumenical Temple.
  2713 | Temple   | Entered the Ecumenical Temple
  2833 | Temple   | Became a worshipper of Vehumet
  3159 | D:4      | Found a basalt altar of Yredelemnul.
  3305 | D:4      | Reached XP level 7. HP: 49/56 MP: 10/10
  3475 | D:5      | Entered Level 5 of the Dungeon
  3555 | D:5      | You fall into a shaft and drop 2 floors!
  3659 | D:7      | Learned a level 3 spell: Mephitic Cloud
  3941 | D:6      | Reached skill level 5 in Stealth
  3961 | D:6      | Reached skill level 9 in Long Blades
  4103 | D:5      | Learned a level 2 spell: Poisonous Vapours
  4702 | D:5      | Reached XP level 8. HP: 25/63 MP: 1/12
  6267 | D:6      | Reached * piety under Vehumet
  6267 | D:6      | Offered knowledge of Kiss of Death by Vehumet.
  6819 | D:7      | Reached XP level 9. HP: 52/69 MP: 14/14
  7341 | D:7      | Found a glowing golden altar of the Shining One.
  7414 | D:7      | Found a hazy altar of Hepliaklqana.
  7584 | D:7      | Found a sparkling altar of Nemelex Xobeh.
  7804 | D:8      | Found an ancient bone altar of Kikubaaqudgha.
  8100 | D:8      | Found a shadowy altar of Dithmenos.
  8406 | D:8      | Noticed Maggie
  8425 | D:8      | Reached skill level 5 in Invocations
  8436 | D:8      | Killed Maggie
  8874 | D:9      | Noticed Psyche
  8891 | D:9      | Killed Psyche
  9086 | D:9      | Reached skill level 5 in Short Blades
  9086 | D:9      | Reached skill level 5 in Axes
  9086 | D:9      | Reached skill level 5 in Maces & Flails
  9086 | D:9      | Reached skill level 5 in Polearms
  9086 | D:9      | Reached skill level 5 in Staves
  9086 | D:9      | Reached skill level 5 in Ranged Weapons
  9086 | D:9      | Reached skill level 5 in Throwing
  9086 | D:9      | Reached skill level 5 in Armour
  9086 | D:9      | Reached skill level 5 in Dodging
  9086 | D:9      | Reached skill level 5 in Shields
  9086 | D:9      | Reached skill level 5 in Spellcasting
  9086 | D:9      | Reached skill level 5 in Evocations
  9086 | D:9      | Reached XP level 10. HP: 56/77 MP: 12/17
  9216 | D:9      | Found a staircase to the Orcish Mines.
  9225 | D:9      | Reached skill level 10 in Long Blades
  9238 | D:9      | Reached ** piety under Vehumet
  9238 | D:9      | Offered knowledge of Static Discharge by Vehumet.
  9998 | D:9      | Found a blossoming altar of Fedhas.
 10160 | D:9      | Offered knowledge of Scorch by Vehumet.
 10343 | D:9      | Found a hide-covered altar of Uskayaw.
 10483 | D:9      | Noticed a two-headed ogre
 10531 | D:9      | Killed a two-headed ogre
 10532 | D:9      | Reached skill level 5 in Conjurations
 10532 | D:9      | Reached skill level 5 in Hexes
 10532 | D:9      | Reached skill level 5 in Summonings
 10532 | D:9      | Reached skill level 5 in Necromancy
 10532 | D:9      | Reached skill level 5 in Translocations
 10532 | D:9      | Reached skill level 5 in Transmutations
 10532 | D:9      | Reached skill level 5 in Fire Magic
 10532 | D:9      | Reached skill level 5 in Ice Magic
 10532 | D:9      | Reached skill level 5 in Air Magic
 10532 | D:9      | Reached skill level 5 in Earth Magic
 10532 | D:9      | Reached skill level 5 in Poison Magic
 10532 | D:9      | Reached XP level 11. HP: 54/85 MP: 1/20
 10784 | D:10     | Entered Level 10 of the Dungeon
 11015 | D:10     | Reached *** piety under Vehumet
 11022 | D:10     | Found an iron altar of Okawaru.
 11227 | D:10     | Noticed a two-headed ogre
 11237 | D:10     | Killed a two-headed ogre
 11940 | D:10     | Found a sacrificial altar of Ru.
 12345 | D:10     | Found a shimmering altar of Xom.
 12451 | Orc:1    | Entered Level 1 of the Orcish Mines
 12523 | Orc:1    | Offered knowledge of Dazzling Flash by Vehumet.
 13156 | Orc:2    | Entered Level 2 of the Orcish Mines
 13812 | Orc:2    | Reached **** piety under Vehumet
 14071 | Orc:1    | Offered knowledge of Fireball by Vehumet.
 14143 | Orc:1    | Noticed Harold
 14338 | Orc:1    | Killed Harold
 14339 | Orc:1    | Reached skill level 11 in Long Blades
 14669 | Orc:2    | Noticed Sonja
 14698 | Orc:2    | Killed Sonja
 14853 | Orc:2    | Reached XP level 12. HP: 94/94 MP: 17/22
 15504 | Orc:1    | Learned a level 5 spell: Fireball
 16350 | Orc:2    | Noticed Saint Roka
 16768 | Orc:1    | Noticed an ogre mage
 16804 | Orc:1    | Killed an ogre mage
 17093 | Orc:2    | Found a staircase to the Elven Halls.
 17188 | Orc:2    | Found a bloodstained altar of Trog.
 17217 | Orc:2    | Mangled by Saint Roka

Illustrated notes

Levels and vault maps discovered:
D:1:      dpeg_arrival_boxes_within_box, layout_rooms,
          hellmonk_ecumenical_altar_lost_god
D:2:      layout_rooms, minmay_snake_closets
D:3:      layout_loops_ring
D:4:      layout_loops_ring, yredelemnul_forgotten_temple_becter,
          minmay_temple_entry_junction, minmay_liquid_box
D:5:      layout_basic, dk_noncrumbling_2
D:6:      layout_rooms, nrook_loot_triangle
D:7:      layout_basic, nicolae_hepliaklqana_monster_ancestors,
          nicolae_tso_swordbearing_angel, mainiacjoe_overflow_alcove_4
D:8:      layout_loops_corners, grunt_dithmenos_smoke, lemuel_tele_altar,
          nrook_mini_vaults, grunt_decor_resistance, uniq_maggie
D:9:      layout_roguey, lemuel_doored_altar, eat_drink_and_be_merry_uskayaw,
          kennysheep_orc_monster_closet_entryway, uniq_psyche
D:10:     layout_layer_cave, nicolae_ru_sacrificial_ziggurat,
          mainiacjoe_overflow_boulevard, mainiacjoe_overflow_surrounded_room
Temple:   pf_slime_end_temple
Orc:1:    lemuel_ogre_cave, layout_caves, basic_altar, uniq_harold
Orc:2:    grunt_orc_community_town_hall, layout_diamond_mine,
          grunt_orc_community_big_house_2, grunt_orc_community_big_house_2,
          grunt_orc_community_house_1, grunt_orc_community_house_3,
          grunt_orc_community_house_3, grunt_orc_community_house_3, basic_altar,
          serial_shops, shop, uniq_sonja

Skill      XL: |  1  2  3  4  5  6  7  8  9 10 11 12 |
---------------+-------------------------------------+-----
Invocations    | 1 2 3 4 5 6 7 8 |  8.3
Short Blades   | 1 2 3 5 6 7 |  7.6
Axes           | 1 2 3 5 6 7 |  7.6
Maces & Flails | 1 2 3 5 6 7 |  7.6
Polearms       | 1 2 3 5 6 7 |  7.6
Staves         | 1 2 3 5 6 7 |  7.6
Ranged Weapons | 1 2 3 5 6 7 |  7.6
Throwing       | 1 2 3 5 6 7 |  7.6
Armour         | 1 2 3 5 6 7 |  7.6
Dodging        | 1 2 3 5 6 7 |  7.6
Shields        | 1 2 3 5 6 7 |  7.6
Spellcasting   | 1 2 3 5 6 7 |  7.6
Evocations     | 1 2 3 5 6 7 |  7.6
Conjurations   | 1 2 3 4 5 6 |  6.3
Hexes          | 1 2 3 4 5 6 |  6.3
Summonings     | 1 2 3 4 5 6 |  6.3
Necromancy     | 1 2 3 4 5 6 |  6.3
Translocations | 1 2 3 4 5 6 |  6.3
Transmutations | 1 2 3 4 5 6 |  6.3
Fire Magic     | 1 2 3 4 5 6 |  6.3
Ice Magic      | 1 2 3 4 5 6 |  6.3
Air Magic      | 1 2 3 4 5 6 |  6.3
Earth Magic    | 1 2 3 4 5 6 |  6.3
Poison Magic   | 1 2 3 4 5 6 |  6.3
Fighting       | 5 6 7 8 9 |  9.0
Unarmed Combat | 5 6 7 8 9 |  9.0
Stealth        | 5 6 7 8 |  8.8
Long Blades    | 9 10 11 | 11.4

Action                     |  1- 3 |  4- 6 |  7- 9 | 10-12 || total
---------------------------+-------+-------+-------+-------++-------
  Melee: Falchion          |   105 |   193 |   334 |   773 ||  1405
         Bite              |     5 |    19 |    48 |   135 ||   207
         Punch             |     1 |     6 |    19 |    74 ||   100
   Cast: Poisonous Vapours |       |       |    85 |   210 ||   295
         Mephitic Cloud    |       |       |    18 |    74 ||    92
         Fireball          |       |       |       |     2 ||     2
  Evoke: Wand              |       |       |     2 |    19 ||    21
    Use: Potion            |       |       |     5 |    10 ||    15
         Scroll            |       |       |     3 |    16 ||    19
   Stab: Sleeping          |     1 |    14 |     5 |     2 ||    22
         Distracted        |       |     1 |       |     1 ||     2
         Confused          |       |       |    12 |    86 ||    98
         Invisible         |       |       |     2 |       ||     2
 Armour: Robe              |    20 |    18 |     5 |       ||    43
         Steam dragon scal |       |       |    42 |    89 ||   131
  Dodge: Dodged            |    58 |   113 |   150 |   387 ||   708
  Block: Other             |       |     8 |    58 |   144 ||   210
         Reflection        |       |       |     1 |     6 ||     7

Table legend: (Time is in decaauts)
 A = Elapsed time spent in this place.
 B = Non-inter-level travel time spent in this place.
 C = Inter-level travel time spent in this place.
 D = Time resting spent in this place.
 E = Time spent auto-exploring this place.
 F = Levels seen in this place.
 G = Mean time per level.
                   A        B        C        D        E       F      G
               +--------+--------+--------+--------+--------+-----+--------+
         Total |  16979 |  16623 |    356 |   2909 |   9841 |  13 | 1306.1 |
       Dungeon |  12185 |  11865 |    320 |   1156 |   8295 |  10 | 1218.5 |
        Temple |    143 |    130 |     13 |      0 |    107 |   1 |  143.0 |
  Orcish Mines |   4650 |   4628 |     22 |   1753 |   1439 |   2 | 2325.0 |
               +--------+--------+--------+--------+--------+-----+--------+

Top non-repeatable levels by time:
   Orc:1: 2954 daAuts
     D:5: 1981 daAuts
     D:9: 1927 daAuts
   Orc:2: 1695 daAuts
    D:10: 1460 daAuts
     D:8: 1280 daAuts
     D:4: 1222 daAuts
     D:7: 1165 daAuts
     D:2: 898 daAuts
     D:6: 842 daAuts
     D:3: 822 daAuts
     D:1: 585 daAuts
  Temple: 143 daAuts
